 Dungeon Crawl Stone Soup version 0.19.3-4-gbf9329e (webtiles) character file.

454 pib the Skirmisher (level 7, -4/76 HPs)
             Began as an Ogre Fighter on Jan 29, 2017.
             Shot with an arrow by a centaur (8 damage)
             ... on level 4 of the Dungeon.
             The game lasted 00:10:25 (4270 turns).

pib the Skirmisher (Ogre Fighter)                   Turns: 4270, Time: 00:10:26

Health: -4/76      AC:  7    Str: 26    XL:     7   Next: 5%
Magic:  7/7        EV:  9    Int:  7    God:
Gold:   234        SH:  9    Dex:  9    Spells: 0 memorised, 6 levels left

rFire  . . .     SeeInvis .     a - +0 flail
rCold  . . .     Gourm    .     b - +0 robe
rNeg   . . .     Faith    .     c - +0 shield
rPois  .         Spirit   .     (helmet restricted)
rElec  .         Reflect  .     p - +2 cloak
rCorr  .         Harm     .     (gloves unavailable)
MR     .....                    (boots unavailable)
Stlth  +.........               (no amulet)
                                w - +2 ring of strength
                                l - +1 ring of protection

@: lethally poisoned (-4 -> -11), flying, very slightly contaminated, hasted,
invisible, very quick
A: unfitting armour, tough skin 1
a: no special abilities


You were on level 4 of the Dungeon.
You were hungry.

You visited 1 branch of the dungeon, and saw 5 of its levels.
You also visited: Sewer.

You collected 234 gold pieces.

Inventory:

Hand Weapons
 a - a +0 flail (weapon)
Armour
 b - a +0 robe (worn)
 c - a +0 shield (worn)
 p - a +2 cloak (worn)
 v - a +0 pair of gloves
Jewellery
 l - a +1 ring of protection (left hand)
 s - an uncursed ring of positive energy
 w - a +2 ring of strength (right hand)
 x - an uncursed ring of see invisible
Wands
 A - a wand of lightning (9/15)
Scrolls
 e - 4 scrolls of teleportation
 h - a scroll of amnesia {unknown}
 m - 5 scrolls of remove curse
 n - 5 scrolls of identify {unknown}
 q - a scroll of recharging {unknown}
 r - a scroll of enchant armour {unknown}
 t - 4 scrolls of blinking {unknown}
 u - 2 scrolls of fog {unknown}
 y - 2 scrolls of random uselessness {unknown}
Potions
 d - a potion of flight
 g - a potion of lignification {unknown}
 i - a potion of curing {unknown}
 j - a potion of haste
 z - a potion of invisibility
Comestibles
 f - 2 bread rations
 k - a meat ration
 o - 2 beef jerkies


   Skills:
 + Level 6.7 Fighting
 + Level 6.0 Maces & Flails
 + Level 4.5 Dodging
 - Level 2.6 Shields


You had 6 spell levels left.
You didn't know any spells.

Dungeon Overview and Level Annotations

Branches:
Dungeon (5/15)
 Temple: D:4-7

Altars:
Cheibriados
Elyvilon
Okawaru

Annotations:
D:5 Menkaure


Innate Abilities, Weirdness & Mutations

You are too large for most types of armour.
You have tough skin. (AC +1)


Message History

* * * LOW HITPOINT WARNING * * *
You are lethally poisoned!
The adder poisons you!
It was a potion of haste.
You feel yourself speed up.
* * * LOW HITPOINT WARNING * * *
You feel sick. The centaur closely misses you. You block the adder's attack.
The centaur barely misses you.
You are very lightly contaminated with residual magic.
It was a potion of invisibility.
You fade into invisibility!
* * * LOW HITPOINT WARNING * * *
You feel sick. The adder barely misses you. You block the centaur's attack.
* * * LOW HITPOINT WARNING * * *
You feel sick. You block the centaur's attack.
* * * LOW HITPOINT WARNING * * *
You feel sick.
That item cannot be evoked!
The centaur wields an uncursed shortbow.
The centaur shoots an arrow.
The arrow hits you!
You die...

.#### ####+## ..#
#####.....# ..#
#...#[....# ..#
#...#.....#
..####...#.....########
.....'...'.....c.>....#
..#.##...#.......S###[#
..#.##...#........# #.#
###.##...#......@.# #.#
....##...#........# #.#
###.######.....#### #.#
#.# #..[.##### #.# #.#
#....# #.# #.# #....#
#.# #.# #....# #.# #.#
#....# #.# #.# #....#
#.#


You could see a centaur and an adder.

Vanquished Creatures
  Blork the orc (D:4)
  A scorpion (D:4)
  A crimson imp (D:5)
  A bullfrog skeleton (D:4)
  2 orc wizards (D:3)
  2 worker ants (D:4)
  3 adders
  An ooze (D:1)
  5 worms
  2 dart slugs (D:1)
  7 leopard geckos
  8 orcs
  2 ball pythons
  8 giant cockroaches
  10 goblins
  10 hobgoblins
  7 jackals
  2 quokkas
  21 bats
  5 frilled lizards
  4 kobolds
  4 rats
107 creatures vanquished.

Notes
Turn   | Place    | Note
-------+----------+-------------------------------------------
     0 | D:1      | pib the Ogre Fighter began the quest for the Orb.
     0 | D:1      | Reached XP level 1. HP: 24/24 MP: 1/1
   277 | D:1      | Reached XP level 2. HP: 32/33 MP: 2/2
   593 | D:1      | Reached XP level 3. HP: 40/40 MP: 3/3
  1285 | D:2      | Reached XP level 4. HP: 49/49 MP: 4/4
  1344 | D:2      | Reached skill level 5 in Fighting
  1533 | D:2      | Found a faded altar of an unknown god.
  1695 | D:2      | Found a white marble altar of Elyvilon.
  1701 | D:2      | Found a snail-covered altar of Cheibriados.
  1703 | D:2      | Found an iron altar of Okawaru.
  1997 | D:3      | Reached XP level 5. HP: 57/57 MP: 5/5
  2385 | D:3      | Found a glowing drain.
  2389 | Sewer    | Entered a sewer
  2557 | Sewer    | Reached skill level 5 in Maces & Flails
  2954 | D:4      | Reached XP level 6. HP: 67/67 MP: 6/6
  3158 | D:4      | Noticed Blork the orc
  3177 | D:4      | Killed Blork the orc
  4167 | D:5      | Entered Level 5 of the Dungeon
  4167 | D:5      | Noticed Menkaure
  4210 | D:5      | Noticed a phantom
  4218 | D:5      | Reached XP level 7. HP: 75/76 MP: 7/7
  4270 | D:4      | Shot with an arrow by a centaur

Skill      XL: |  1  2  3  4  5  6 |
---------------+-------------------+-----
Maces & Flails | 3 4 5 6 |  6.0
Dodging        | 3 4 |  4.5
Fighting       | 5 6 |  6.7
Shields        | |  2.6

Action                   |  1- 3 |  4- 6 |  7- 9 || total
-------------------------+-------+-------+-------++-------
Melee: Flail             |   131 |   250 |     9 ||   390
  Use: Scroll            |       |     3 |       ||     3
       Potion            |       |     1 |     3 ||     4
 Stab: Sleeping          |     2 |       |       ||     2
  Eat: Chunk             |     1 |    10 |       ||    11
Armor: Robe              |    67 |   109 |     7 ||   183
Dodge: Dodged            |    58 |   125 |    12 ||   195
Block: Shield            |    67 |   128 |    15 ||   210
